 Dungeon Crawl Stone Soup version 0.32-a0-119-g2e8054a333 (webtiles) character file.

Game seed: 10646416730974173893

653 Newt the Trooper (level 7, 0/82 HPs)
             Began as a Demonspawn Gladiator on Feb 6, 2024.
             Slain by an adder (3 damage)
             ... on level 5 of the Dungeon.
             The game lasted 00:04:45 (4005 turns).

Newt the Trooper (Demonspawn Gladiator)             Turns: 4005, Time: 00:04:45

Health: 0/82       AC:  6    Str: 16    XL:     7   Next: 29%
Magic:  7/7        EV: 13    Int: 14    God:
Gold:   188        SH:  5    Dex: 15    Spells: 6/6 levels left

rFire   + . .        p - +4 flail of Gah Tibij {pain, rF+ rN+ Will+}
rCold   . . .        (no shield)
rNeg    + . .        b - +0 leather armour
rPois   .            (helmet restricted)
rElec   .            (no cloak)
rCorr   .            (no gloves)
SInv    .            (no boots)
Will    ++...        l - amulet of reflection Stlth
                     w - +6 ring of intelligence
HPRegen 0.33/turn    (no ring)
MPRegen 0.10/turn

%: reflection
@: berserking, enlightened, flying, very quick
A: horns 2, molten scales 2, ignite blood 1
a: no special abilities


You were on level 5 of the Dungeon.
You visited 1 branch of the dungeon, and saw 5 of its levels.

You collected 253 gold pieces.
You spent 65 gold pieces at shops.

Inventory:

Hand Weapons
 a - a +0 rapier
 i - a +0 whip of venom
 p - the +4 flail of Gah Tibij (weapon) {pain, rF+ rN+ Will+}
   (You found it on level 2 of the Dungeon)

   rF+:       It protects you from fire.
   rN+:       It protects you from negative energy.
   Will+:     It increases your willpower.
Missiles
 f - 5 poisoned darts (quivered)
Armour
 b - a +0 leather armour (worn)
 c - a +0 helmet
Jewellery
 l - an amulet of reflection (around neck)
 w - a +6 ring of intelligence (left hand)
Scrolls
 g - a scroll of amnesia
 j - 3 scrolls of vulnerability
 m - 2 scrolls of teleportation
 q - a scroll of fog
 r - a scroll of immolation
 u - a scroll of poison
 y - a scroll of torment {unknown}
 z - a scroll of brand weapon {unknown}
Potions
 h - 3 potions of magic
 k - a potion of enlightenment
 o - a potion of resistance {unknown}
 t - a potion of lignification {unknown}
 v - a potion of brilliance {unknown}
 x - a potion of might {unknown}


   Skills:
 + Level 4.9 Fighting
 - Level 2.6 Short Blades
 - Level 4.4 Maces & Flails
 - Level 3.0 Throwing
 * Level 3.8 Dodging


You had 6 spell levels left.
You didn't know any spells.
Your spell library contained the following spells:

 Spells                   Type           Power      Damage    Failure   Level
 Kiss of Death            Conj/Necr      0%         2d5       34%         1
 Confusing Touch          Hex            0%         N/A       71%         3
 Dispel Undead            Necr           0%         3d6       98%         4


Dungeon Overview and Level Annotations

Branches:
Dungeon (5/15)
 Temple: D:4-7

Altars:

Shops:
D:1 ?   D:2 =


Innate Abilities, Weirdness & Mutations

You have a pair of horns on your head.
You are mostly covered in molten scales. (AC +3)
Your demonic aura sometimes causes spilled blood to erupt in flames.


Message History

Your headbutt misses the water moccasin.
The water moccasin is severely wounded.
The water moccasin struggles against the net. x2
The net rips apart, and the water moccasin comes free!
You miss the water moccasin.
You headbutt the water moccasin, but do no damage.
Your punch misses the water moccasin.
The water moccasin is severely wounded.
The water moccasin closely misses you. The water moccasin bites you.
* * * LOW HITPOINT WARNING * * *
Unknown command.
Throw: throwing net
Press: ? - help, Shift-Dir - straight line, f/p - water moccasin
Aim: a water moccasin (severely wounded, 40% to hit)
You throw a throwing net.
The throwing net closely misses the water moccasin.
The throwing net closely misses the adder.
You block the water moccasin's attack.
You don't have any such object.
Fire/throw/use which item? ([*] to toss any item) (? for menu, Esc to quit)
Okay, then.
Throw: javelin
Press: ? - help, Shift-Dir - straight line, f/p - water moccasin
Aim: a water moccasin (severely wounded, 40% to hit)
You throw a javelin.
The javelin barely misses the water moccasin.
The javelin pierces through the adder.
The adder is moderately wounded.
The water moccasin misses you. The water moccasin bites you!
* * * LOW HITPOINT WARNING * * *
Unknown command.
Unknown command.
It was a potion of berserk rage.
A red film seems to cover your vision as you go berserk!
You feel yourself moving faster!
You feel mighty!
The water moccasin bites you but does no damage.
You sock the water moccasin! You headbutt the water moccasin.
You kill the water moccasin!
The adder bites you.
You die...

..........##.#
(.........##(## .
...........#..+ ..
.............# ...
...........#.## ....
..........##..#.....
..........##.....#
.........##S##..#
##########@# #..>.
#.# ##.# #.# # #.#
#.# #.. ###


You could see an adder.

Vanquished Creatures
  A water moccasin (D:5)
  A black bear (D:4)
  A centaur (D:5)
  A scorpion (D:5)
  A bombardier beetle (D:3)
  3 jellies
  A gnoll bouda (D:4)
  2 iguanas
  8 adders
  6 gnolls
  A white imp (D:4)
  2 ufetubi (D:5)
  2 ribbon worms (D:2)
  An orc (D:3)
  4 bats
  7 endoplasms
  5 giant cockroaches
  11 goblins
  6 hobgoblins
  10 jackals
  3 quokkas (D:2)
  3 ball pythons
  3 kobolds
  5 rats
88 creatures vanquished.

Notes
Turn   | Place    | Note
-------+----------+-------------------------------------------
     0 | D:1      | Newt the Demonspawn Gladiator began the quest for the Orb.
     0 | D:1      | Reached XP level 1. HP: 16/16 MP: 1/1
    57 | D:1      | Gained mutation: You have a pair of small horns on your
                  | head. [demonic ancestry]
    57 | D:1      | Reached XP level 2. HP: 22/22 MP: 2/2
   344 | D:1      | Found Aklyren's Magic Scroll Boutique.
   354 | D:1      | Bought a scroll of identify for 26 gold pieces
   354 | D:1      | Bought a scroll of teleportation for 39 gold pieces
   595 | D:2      | Reached XP level 3. HP: 26/28 MP: 3/3
  1091 | D:2      | Identified the +4 flail of Gah Tibij {pain, rF+ rN+ Will+}
  1450 | D:2      | Found Kubagh's Jewellery Shoppe.
  1575 | D:3      | Reached skill level 1 in Maces & Flails
  1581 | D:3      | Gained mutation: Your demonic aura sometimes causes spilled
                  | blood to erupt in flames. [demonic ancestry]
  1581 | D:3      | Reached XP level 4. HP: 31/34 MP: 4/4
  1931 | D:3      | Gained mutation: You are partially covered in molten
                  | scales. (AC +2) [demonic ancestry]
  1931 | D:3      | Reached XP level 5. HP: 32/41 MP: 5/5
  2342 | D:4      | Noticed a black bear
  2352 | D:4      | Killed a black bear
  2572 | D:4      | Gained mutation: You have a pair of horns on your head.
                  | [demonic ancestry]
  2572 | D:4      | Reached XP level 6. HP: 37/48 MP: 6/6
  3532 | D:5      | Entered Level 5 of the Dungeon
  3830 | D:5      | Gained mutation: You are mostly covered in molten scales.
                  | (AC +3) [demonic ancestry]
  3830 | D:5      | Reached XP level 7. HP: 31/55 MP: 7/7
  3995 | D:5      | HP: 2/55 [water moccasin (6)]
  4003 | D:5      | HP: 1/55 [water moccasin (7)]
  4005 | D:5      | Slain by an adder

Illustrated notes

Levels and vault maps discovered:
D:1:      minmay_arrival_semitransparent, layout_loops_ring, serial_shops,
          nicolae_diamond_shop
D:2:      layout_loops_cross, serial_shops, shop
D:3:      layout_basic
D:4:      layout_basic, serial_rivers, chequers_serial_rivers_small_3,
          chequers_serial_rivers_small_3, chequers_serial_rivers_small_a,
          chequers_serial_rivers_small_a, nicolae_the_louvre
D:5:      layout_basic, uniq_menkaure

Skill      XL: |  1  2  3  4  5  6 |
---------------+-------------------+-----
Throwing       | 2 3 |  3.0
Maces & Flails | 1 2 3 4 |  4.4
Fighting       | 3 4 |  4.9
Dodging        | 3 |  3.8
Short Blades   | |  2.6

Action                     |  1- 3 |  4- 6 |  7- 9 || total
---------------------------+-------+-------+-------++-------
  Melee: Rapier            |    21 |       |       ||    21
         Punch             |     4 |     2 |     1 ||     7
         Whip              |    56 |       |       ||    56
         Headbutt          |    15 |    16 |     5 ||    36
         Flail             |    31 |   120 |    14 ||   165
  Throw: Throwing net      |     1 |       |     5 ||     6
         Dart              |       |     4 |       ||     4
         Javelin           |       |     1 |     1 ||     2
    Use: Scroll            |     3 |     4 |       ||     7
         Potion            |       |     1 |     4 ||     5
   Stab: Sleeping          |     1 |       |       ||     1
         Held in net/web   |       |       |     1 ||     1
 Armour: Leather armour    |    51 |    68 |    38 ||   157
  Dodge: Dodged            |    73 |    85 |    47 ||   205
  Block: Other             |       |    19 |     9 ||    28
         Reflection        |       |     1 |       ||     1

Table legend: (Time is in decaauts)
 A = Elapsed time spent in this place.
 B = Non-inter-level travel time spent in this place.
 C = Inter-level travel time spent in this place.
 D = Time resting spent in this place.
 E = Time spent auto-exploring this place.
 F = Levels seen in this place.
 G = Mean time per level.
                   A        B        C        D        E       F      G
               +--------+--------+--------+--------+--------+-----+--------+
         Total |   4064 |   3991 |     73 |    926 |   2437 |   5 |  812.8 |
       Dungeon |   4064 |   3991 |     73 |    926 |   2437 |   5 |  812.8 |
               +--------+--------+--------+--------+--------+-----+--------+

Top non-repeatable levels by time:
     D:3: 1071 daAuts
     D:2: 998 daAuts
     D:4: 928 daAuts
     D:1: 588 daAuts
     D:5: 477 daAuts
